 Dungeon Crawl Stone Soup version 0.17-a0-1404-gb8113a6 (webtiles) character file.

131 Fluffy the Slasher (level 4, -1/33 HPs)
             Began as a Demonspawn Gladiator on June 21, 2015.
             Killed by nerve-wracking pain
             ... invoked by an orc priest
              (8 damage)
             ... on level 3 of the Dungeon.
             The game lasted 00:04:16 (2148 turns).

Fluffy the Slasher (Demonspawn Gladiator)           Turns: 2148, Time: 00:04:16

Health: -1/33      AC: 11    Str: 16    XL:     4   Next: 91%
Magic:  3/4        EV:  7    Int: 10    God:
Gold:   91         SH:  0    Dex: 13    Spells: 0 memorised, 3 levels left

rFire  . . .     SeeInvis .     a - +0 long sword
rCold  . . .     Clarity  .     w - +0 chain mail
rNeg   . . .     SustAt   .     (no shield)
rPois  .         Gourm    .     c - +0 helmet
rElec  .         Spirit   .     (no cloak)
rCorr  .         Warding  .     x - +0 pair of gloves
rMut   .         Stasis   .     (no boots)
MR     .....                    (no amulet)
Stlth  ..........               (no ring)
                                i - ring of invisibility

@: very slightly contaminated, not resistant to hostile enchantments, extremely
unstealthy
A: talons 1, molten scales 1
a: Evoke Invisibility


You were on level 3 of the Dungeon.
You were hungry.

You visited 1 branch of the dungeon, and saw 3 of its levels.

You collected 91 gold pieces.

Inventory:

Hand weapons
 a - a +0 long sword (weapon)
Missiles
 d - 3 throwing nets (quivered)
Armour
 c - a +0 helmet (worn)
 w - a +0 chain mail (worn)
 x - a +0 pair of gloves (worn)
Jewellery
 i - a ring of invisibility (left hand)
Scrolls
 b - a scroll of immolation {unknown}
 f - 2 scrolls of teleportation {unknown}
 h - 4 scrolls of noise {unknown}
 j - 2 scrolls of remove curse {unknown}
 l - a scroll of blinking {unknown}
 n - a scroll of magic mapping {unknown}
 o - 3 scrolls of identify {unknown}
 p - a scroll of fog {unknown}
Potions
 m - a potion of invisibility {unknown}
 q - a potion of brilliance {unknown}
 s - a potion of heal wounds {unknown}
 t - a potion of curing {unknown}
 u - a potion of magic {unknown}
 v - a potion of cancellation {unknown}
Comestibles
 e - a bread ration
 g - 2 fruits
 k - a meat ration
 r - a royal jelly


   Skills:
 - Level 2.0 Fighting
 + Level 5.1 Long Blades
 - Level 1.7 Throwing
 - Level 2.6 Dodging


You had 3 spell levels left.
You didn't know any spells.

Dungeon Overview and Level Annotations

Branches:
Dungeon (3/15)

Altars:


Innate Abilities, Weirdness & Mutations

You have sharp toenails.
You are partially covered in molten scales (AC +1).


Message History

You closely miss the orc.
The orc is lightly wounded.
You flicker for a moment.
The orc closely misses you.
You slash the orc!
You kill the orc!
You see here a giant newt corpse.
You closely miss the orc priest.
You claw the orc priest, but do no damage.
The orc priest closely misses you.
Your chain mail prevents you from hitting the orc priest.
You claw the orc priest, but do no damage.
You flicker back into view.
The orc priest hits you but does no damage.
Your chain mail prevents you from hitting the orc priest.
You claw the orc priest.
The orc priest is lightly wounded.
The orc priest calls down the wrath of Beogh upon you.
Pain shoots through your body!
You die...

#$#.........
#...........
##..###.#.#. ##..#
#...# ##...##
#.....# #.o...####
#.@.......
########.....###..
#.....)...)......
#.#####)#..#.....
#............
.####.#.####.....
.#.)..#.........##
#.................##
##.
.#####...........##


You could see an orc priest.

Vanquished Creatures
  3 gnolls (D:2)
  2 adders
  An ooze (D:1)
  A worm (D:2)
  4 giant geckos
  2 orcs (D:3)
  3 ball pythons
  6 bats
  2 giant cockroaches (D:1)
  6 hobgoblins
  12 jackals
  A quokka (D:2)
  3 giant newts
  7 goblins
  7 kobolds
  9 rats
69 creatures vanquished.

Vanquished Creatures (others)
  An orc (D:3)
1 creature vanquished.

Grand Total: 70 creatures vanquished

Notes
Turn   | Place    | Note
--------------------------------------------------------------
     0 | D:1      | Fluffy the Demonspawn Gladiator began the quest for the Orb.
     0 | D:1      | Reached XP level 1. HP: 16/16 MP: 1/1
   111 | D:1      | Reached skill level 3 in Long Blades
   308 | D:1      | Gained mutation: You are partially covered in molten scales (AC +1). [demonic ancestry]
   308 | D:1      | Reached XP level 2. HP: 22/22 MP: 2/2
   625 | D:1      | Gained mutation: You have sharp toenails. [demonic ancestry]
   625 | D:1      | Reached XP level 3. HP: 19/27 MP: 3/3
   938 | D:2      | Reached skill level 4 in Long Blades
  1127 | D:2      | Reached XP level 4. HP: 25/33 MP: 4/4
  1982 | D:3      | Reached skill level 5 in Long Blades
  2148 | D:3      | Killed from afar by an orc priest

Vault maps used:
D:1:      dpeg_arrival_rhombi, minmay_crystal_room
D:3:      first_bread

Action                   |  1- 3 |  4- 6 || total
-------------------------+-------+-------++-------
Melee: Long sword        |   133 |   119 ||   252
 Abil: Evoke Invisibilit |       |     1 ||     1
 Stab: Invisible         |       |     3 ||     3
  Eat: Chunk             |     1 |     3 ||     4
